 Dungeon Crawl Stone Soup version 0.23.2-40-g277498a001 (webtiles) character file.

Game seed: 4093368327603637078

22801 MisterOstroum the Prestidigitator (level 12, 83/118 HPs)
             Began as a Deep Dwarf Gladiator on Sept 25, 2019.
             Was a Believer of Trog.
             Quit the game on level 4 of the Lair of Beasts.
             The game lasted 00:59:46 (14004 turns).

MisterOstroum the Prestidigitator (DDGl)           Turns: 14004, Time: 00:59:47

Health: 83/118     AC: 14    Str: 22    XL:     12   Next: 66%
Magic:  3/3        EV:  9    Int: 10    God:    Trog [**....]
Gold:   437        SH: 12    Dex: 14    Spells: 11/11 levels left

rFire    + . .     SeeInvis .   a - +1 war axe
rCold    . . .     Gourm    .   n - +0 shield {rF+}
rNeg     + + .     Faith    .   N - +0 chain mail {rN+}
rPois    .         Spirit   .   c - +0 helmet
rElec    .         Reflect  .   d - +0 cloak
rCorr    .         Harm     .   (no gloves)
MR       +....                  (no boots)
Stlth    ..........             E - amulet of the acrobat
HPRegen  0.00/turn              T - ring of positive energy
MPRegen  0.08/turn              (no ring)

@: berserk cooldown, non-regenerating, slowed, very slow
A: damage resistance, heal wounds, sense surroundings 2, no regeneration
a: Heal Wounds, Berserk, Trog's Hand, Renounce Religion


You were on level 4 of the Lair of Beasts.
You worshipped Trog.
Trog was pleased with you.
You were very hungry.

You visited 3 branches of the dungeon, and saw 16 of its levels.
You also visited: Ossuary.

You collected 622 gold pieces.
You spent 185 gold pieces at shops.

Inventory:

Hand Weapons
 a - a +1 war axe (weapon)
 b - a +0 blowgun
 C - a +0 hand axe
Missiles
 j - 253 stones (quivered)
 m - 135 bolts
 p - 208 arrows
 q - 57 poisoned needles
 r - 65 sling bullets
 t - 10 curare-tipped needles
 U - a throwing net {!f}
 V - 3 tomahawks
Armour
 c - a +0 helmet (worn)
 d - a +0 cloak (worn)
 n - a +0 shield of fire resistance (worn)
 N - a +0 chain mail of positive energy (worn)
 X - +0 acid dragon scales
Jewellery
 E - an amulet of the acrobat (around neck)
 T - a ring of positive energy (left hand)
Wands
 i - a wand of clouds (4)
 v - a wand of acid (7)
 I - a wand of polymorph (9)
 K - a wand of digging (11)
Scrolls
 f - 4 scrolls of remove curse {@r2}
 g - a scroll of teleportation {@r3 !r}
 h - a scroll of enchant weapon
 l - 2 scrolls of magic mapping {@r5 !r}
 o - a scroll of blinking {@r4}
 w - 5 scrolls of immolation
 y - 2 scrolls of noise
 z - 2 scrolls of torment
 J - a scroll of holy word
 Q - a scroll of fog {!r}
Potions
 k - 4 potions of curing {@q1 !q}
 s - 4 potions of haste {@q4 !q}
 x - a potion of magic
 B - 4 potions of flight
 D - a potion of lignification {@q6}
 F - a potion of mutation
 L - 2 potions of might {@q3 !q}
 M - 2 potions of brilliance
 P - a potion of cancellation
 R - 2 potions of heal wounds
 S - a potion of agility {@q5 !q}
Comestibles
 e - 26 rations
 u - 2 chunks of flesh


   Skills:
 + Level 10.9 Fighting
 + Level 11.2 Axes
 - Level 1.7 Throwing
 - Level 8.8 Armour
 - Level 3.2 Dodging
 - Level 10.0 Shields
 + Level 11.6 Evocations


You had 11 spell levels left.
You didn't know any spells.
Your spell library contained the following spells:

 Spells                   Type           Power        Failure   Level  Hunger
 Animate Skeleton         Necr           N/A          99%         1    ##.....
 Apportation              Tloc           #.....       99%         1    ##.....
 Confusing Touch          Hex            #.....       99%         1    ##.....
 Pain                     Necr           #...         99%         1    ##.....
 Summon Small Mammal      Summ           #...         99%         1    ##.....
 Vampiric Draining        Necr           #.........   100%        3    ####...
 Animate Dead             Necr           N/A          100%        4    #####..
 Regeneration             Chrm/Necr      Unusable     N/A         3    N/A

Dungeon Overview and Level Annotations

Branches:
Dungeon (11/15)            Temple (1/1) D:7            Lair (4/6) D:8
  Swamp (0/4) Lair:3       Spider (0/4) Lair:2
    Orc: D:9-12

Altars:
Ashenzari
Cheibriados
Dithmenos
Elyvilon
Fedhas
Hepliaklqana
Kikubaaqudgha
Makhleb
Nemelex Xobeh
Okawaru
Qazlal
Ru
Sif Muna
Trog
Uskayaw
Vehumet
Zin
The Shining One

Shops:
D:2 *   D:4 }?   D:10 *


Innate Abilities, Weirdness & Mutations

You are resistant to damage.
You can heal yourself by infusing magical energy.
You passively map the area around you.
You do not regenerate.


Message History

You are too injured to fight recklessly!
You are too injured to fight recklessly!
You are too injured to fight recklessly!
You are too injured to fight recklessly!
You are too injured to fight recklessly!
You are too injured to fight recklessly!
You are too injured to fight recklessly!
You are too injured to fight recklessly!
You are too injured to fight recklessly!
You are too injured to fight recklessly!
You are too injured to fight recklessly!
You are too injured to fight recklessly!
You are too injured to fight recklessly!
You are too injured to fight recklessly!
You are too injured to fight recklessly!
You are too injured to fight recklessly!
You are too injured to fight recklessly!
You are too injured to fight recklessly!
You are too injured to fight recklessly!
You are too injured to fight recklessly!
You are too injured to fight recklessly!
You are too injured to fight recklessly!
You are too injured to fight recklessly!
You are too injured to fight recklessly!
Okay, then.
Unknown command.
A red film seems to cover your vision as you go berserk!
You feel yourself moving faster!
You feel mighty!
You are feeling very hungry.
The yak gores you. You block the yak's attack. The yak completely misses you.
You are too injured to fight recklessly!
You are too injured to fight recklessly!
You are too injured to fight recklessly!
You are too injured to fight recklessly!
You are too injured to fight recklessly!
You are too injured to fight recklessly!
You are too injured to fight recklessly!
You are too injured to fight recklessly!
You are too injured to fight recklessly!
You are too injured to fight recklessly!
You are too injured to fight recklessly!
You are too injured to fight recklessly!
You are too injured to fight recklessly!
You are too injured to fight recklessly!
You are too injured to fight recklessly!
You are too injured to fight recklessly!
You are too injured to fight recklessly!
You are too injured to fight recklessly!
You are too injured to fight recklessly!
You are too injured to fight recklessly!
You are too injured to fight recklessly!
You are too injured to fight recklessly!
You are too injured to fight recklessly!
You are too injured to fight recklessly!
You are too injured to fight recklessly!
You are too injured to fight recklessly!
You are too injured to fight recklessly!
You are too injured to fight recklessly!
You are too injured to fight recklessly!
You are too injured to fight recklessly!
You are too injured to fight recklessly!
You are too injured to fight recklessly!
You are too injured to fight recklessly!
You are too injured to fight recklessly!
You are too injured to fight recklessly!
You are too injured to fight recklessly!
You are too injured to fight recklessly!
You slash the yak!
The yak is almost dead.
You slash the yak! x2
You kill the yak!
Trog accepts your kill. The yak gores you but does no damage.
You block the yak's attack.
You slice the yak!!
You kill the yak!
Trog accepts your kill.
You slash the yak! The yak gores you!
You feel a strong urge to attack something.
Found 8 gold pieces.
The yak closely misses you.
You feel your anger nearly subside.
You slash the plant!
The plant is moderately damaged.
You barely miss the yak.
You are no longer berserk.
You are exhausted.
You feel yourself slow down. The yak gores you but does no damage.
You slash the yak!
You kill the yak!
Trog accepts your kill.
Training target 10.0 for Shields reached!
Your Shields skill increases to level 10!
You hit the plant.
You feel much better.
Okay, then.
There are no items here.
Okay, then.
Okay, then.
Unknown command.
Are you sure you want to abandon this character and quit the game? (Confirm with "yes".)

*** *****#,* ######## ##* #####
**,,**..####.#...P####.#####.#.#
*,,,,,..........................
**,,,,,**.#.....P##.##P.#.......#
*,,,,,,*,*##....####.#*##....[.P.
**,,,,,,,,*#...P@##.####.........
*,,,,,,,,,*#.....................
*,,,,,*,,,##....#.....###......P#
**,,,,*,,,#.(...####.##*#........
*,,,,*.....(...##*#.#**.......##
*,,,,#..##.(..##.##..##.......##
**,,,*#+*#P.(..................##
*,,,,,,,.........................
**,,,,,....(.....................


There were no monsters in sight!

Vanquished Creatures
  Snorg (D:10)
  Erolcha (D:10)
  A hydra (Lair:2)
  An unseen horror (D:10)
  Pikel (D:6)
  2 black mambas
  4 elephants (Lair:4)
  A gargoyle (D:10)
  A centaur skeleton (D:7)
  A rime drake (Lair:3)
  3 spiny frogs
  3 komodo dragons
  A troll (D:9)
  A demonic crawler (Lair:2)
  9 blink frogs (Lair:3)
  3 hippogriffs
  2 wyverns
  A wraith (D:10)
  29 yaks
  A basilisk (Lair:2)
  A spriggan (D:7)
  Eustachio (D:5)
  Menkaure (D:5)
  3 wargs (D:8)
  Edmund (D:5)
  A soldier ant (D:10)
  A swamp worm (Lair:3)
  7 water moccasins
  5 porcupines
  5 orc warriors
  A phantom (D:8)
  2 ice beasts
  2 black bears
  A necrophage (D:7)
  5 ogres
  A sky beast (D:6)
  5 wolves (Lair:1)
  2 centaurs
  4 crocodiles (Lair:1)
  2 big kobolds (D:10)
  11 bullfrogs
  A wyvern skeleton (D:8)
  A wyvern zombie (D:6)
  6 scorpions
  9 wights
  5 howler monkeys
  3 crimson imps
  A centaur zombie (Ossuary)
  A human zombie (Ossuary)
  A jelly (D:9)
  5 hounds
  7 orc priests
  Jessica (D:3)
  6 orc wizards
  7 worker ants
  2 big kobold zombies (Ossuary)
  A hound skeleton (D:7)
  6 mummies (Ossuary)
  A worker ant zombie (D:6)
  3 gnolls (D:8)
  12 adders
  3 shadow imps
  An ooze (D:2)
  2 adder skeletons
  6 worms
  A dart slug (D:2)
  5 leopard geckos
  39 orcs
  5 bats
  2 giant cockroaches (D:1)
  2 gnoll zombies (Ossuary)
  5 goblins
  4 hobgoblins
  6 jackals
  17 kobolds
  6 quokkas
  2 ball pythons
  A frilled lizard (D:3)
  A goblin zombie (Ossuary)
  A kobold zombie (Ossuary)
  A leopard gecko zombie (D:6)
  4 rats
  A fungus (Lair:3)
323 creatures vanquished.

Vanquished Creatures (others)
  A fungus (Lair:1)
1 creature vanquished.

Grand Total: 324 creatures vanquished

Notes
Turn   | Place    | Note
-------+----------+-------------------------------------------
     0 | D:1      | MisterOstroum the Deep Dwarf Gladiator began the quest for
                  | the Orb.
     0 | D:1      | Reached XP level 1. HP: 19/19 MP: 1/1
   220 | D:1      | Reached XP level 2. HP: 13/26 MP: 2/2
   600 | D:1      | Found a glowing golden altar of the Shining One.
  1394 | D:2      | Reached XP level 3. HP: 22/33 MP: 3/3
  1780 | D:2      | Found Zin's Purification Station.
  1804 | D:2      | Found a glowing silver altar of Zin.
  2201 | D:2      | Reached XP level 4. HP: 26/40 MP: 4/4
  2578 | D:3      | Noticed Jessica
  2863 | D:3      | Reached skill level 1 in Shields
  3051 | D:3      | Killed Jessica
  3061 | D:3      | Reached skill level 5 in Axes
  3061 | D:3      | Reached XP level 5. HP: 29/49 MP: 5/5
  3337 | D:4      | Found Donweo's Gadget Boutique.
  3357 | D:4      | Found Egissamu's Magic Scroll Shoppe.
  3360 | D:4      | Bought a scroll of noise for 14 gold pieces
  3734 | D:5      | Entered Level 5 of the Dungeon
  3776 | D:5      | Noticed Menkaure
  4171 | D:5      | Reached skill level 1 in Evocations
  4187 | D:5      | Noticed an ogre
  4194 | D:5      | Killed an ogre
  4194 | D:5      | Reached XP level 6. HP: 56/56 MP: 4/6
  4395 | D:5      | Killed Menkaure
  4395 | D:5      | Reached XP level 7. HP: 45/64 MP: 6/8
  4596 | D:5      | Noticed Eustachio
  4611 | D:5      | Killed Eustachio
  4786 | D:5      | Noticed Edmund
  4789 | D:5      | Killed Edmund
  5220 | D:6      | Reached skill level 5 in Evocations
  5220 | D:6      | Reached XP level 8. HP: 59/73 MP: 9/9
  5550 | D:6      | Reached skill level 5 in Fighting
  5746 | D:7      | Reached skill level 1 in Armour
  5762 | D:7      | Found a sand-covered staircase.
  5788 | D:7      | Reached skill level 5 in Shields
  5849 | Ossuary  | Entered an ossuary
  5960 | Ossuary  | Reached skill level 5 in Armour
  6289 | D:7      | Gained mutation: You passively map the area around you.
                  | [Deep Dwarf growth]
  6289 | D:7      | Reached XP level 9. HP: 56/81 MP: 10/10
  6447 | D:7      | Noticed Pikel
  6530 | D:6      | Killed Pikel
  7005 | D:7      | Found a staircase to the Ecumenical Temple.
  7015 | Temple   | Entered the Ecumenical Temple
  7058 | Temple   | Became a worshipper of Trog the Wrathful
  7313 | D:8      | Reached XP level 10. HP: 53/91 MP: 10/10
  7319 | D:8      | Found a staircase to the Lair.
  8012 | D:9      | Reached * piety under Trog
  8481 | D:10     | Entered Level 10 of the Dungeon
  8496 | D:10     | Reached skill level 10 in Axes
  8908 | D:10     | Killed an unseen horror
  9009 | D:10     | Noticed Snorg
  9344 | D:10     | Reached ** piety under Trog
  9421 | D:10     | Noticed Erolcha
  9429 | D:10     | Killed Erolcha
  9429 | D:10     | Reached XP level 11. HP: 104/104 MP: 7/7
  9579 | D:11     | Noticed a cyan ugly thing
  9597 | D:10     | Killed Snorg
  9918 | D:10     | Found Joexosim's Assorted Antiques.
  9922 | D:10     | Bought a grey potion for 26 gold pieces
  9922 | D:10     | Bought a garnet ring for 145 gold pieces
 10409 | Lair:1   | Entered Level 1 of the Lair of Beasts
 10483 | Lair:1   | Reached skill level 10 in Evocations
 10657 | Lair:1   | Reached skill level 10 in Fighting
 11588 | Lair:2   | Noticed a six-headed hydra
 12051 | Lair:2   | Reached XP level 12. HP: 117/117 MP: 6/6
 12268 | Lair:2   | Killed a six-headed hydra
 12360 | Lair:2   | Found a hole to the Spider Nest.
 13076 | Lair:3   | Found a staircase to the Swamp.
 13723 | Lair:3   | You fall through a shaft!
 13999 | Lair:4   | Reached skill level 10 in Shields
 14004 | Lair:4   | Quit the game

Skill      XL: |  1  2  3  4  5  6  7  8  9 10 11 12 |
---------------+-------------------------------------+-----
Fighting       | 2 3 4 5 6 8 10 | 10.9
Axes           | 4 5 6 7 9 10 11 | 11.2
Shields        | 1 2 3 4 5 6 7 8 10 | 10.0
Evocations     | 1 2 5 6 7 8 10 11 | 11.6
Armour         | 5 6 7 8 |  8.8
Throwing       | |  1.7
Dodging        | |  3.2

Action                   |  1- 3 |  4- 6 |  7- 9 | 10-12 || total
-------------------------+-------+-------+-------+-------++-------
Melee: War axe           |   113 |   108 |   389 |   689 ||  1299
       Hand axe          |       |    53 |    10 |    90 ||   153
 Fire: Blowgun           |       |     4 |     1 |       ||     5
Throw: Stone             |    26 |    47 |    83 |    45 ||   201
       Throwing net      |     1 |       |     2 |       ||     3
       Javelin           |       |       |    18 |    48 ||    66
       Tomahawk          |       |       |       |    90 ||    90
Invok: Berserk           |       |       |       |    30 ||    30
       Trog's Hand       |       |       |       |    15 ||    15
 Abil: Heal Wounds       |     1 |     4 |    17 |    35 ||    57
Evoke: Wand              |       |       |     6 |    15 ||    21
  Use: Scroll            |     2 |    11 |     4 |    18 ||    35
       Potion            |       |     3 |     2 |     2 ||     7
 Stab: Held in net/web   |       |       |     1 |       ||     1
  Eat: Chunk             |     4 |     7 |    11 |    35 ||    57
       Ration            |       |       |       |     6 ||     6
Armor: Leather armour    |    15 |       |       |       ||    15
       Ring mail         |    14 |       |       |       ||    14
       Chain mail        |    15 |    82 |   179 |   321 ||   597
       Skin              |       |     4 |       |       ||     4
Dodge: Dodged            |    56 |    33 |   111 |   236 ||   436
Block: Shield            |    29 |    72 |   206 |   451 ||   758
